 Dungeon Crawl Stone Soup version 0.23.1 (webtiles) character file.

Game seed: 14032164424269321129

467 Fang the Skirmisher (level 7, -3/44 HPs)
             Began as a Gargoyle Berserker on Mar 15, 2019.
             Was a Priest of Trog.
             Slain by a gnoll (6 damage)
             ... on level 4 of the Dungeon.
             The game lasted 00:03:21 (2883 turns).

Fang the Skirmisher (Gargoyle Berserker)            Turns: 2883, Time: 00:03:21

Health: -3/44      AC:  7    Str: 23    XL:     7   Next: 8%
Magic:  7/7        EV: 13    Int:  7    God:    Trog [***...]
Gold:   219        SH:  0    Dex:  9    Spells: 6/6 levels left

rFire    . . .     SeeInvis .   d - +0 war axe
rCold    . . .     Gourm    .   (no shield)
rNeg     + . .     Faith    .   b - +0 animal skin
rPois    ∞         Spirit   .   (no helmet)
rElec    +         Reflect  .   (no cloak)
rCorr    .         Harm     .   (no gloves)
MR       .....                  (no boots)
Stlth    +.........             (no amulet)
HPRegen  0.14/turn              (no ring)
MPRegen  0.10/turn              (no ring)

@: no status effects
A: negative energy resistance 1, electricity resistance, unbreathing,
petrification resistance, rot immunity, AC +4
a: Berserk, Trog's Hand, Renounce Religion


You were on level 4 of the Dungeon.
You worshipped Trog.
Trog was most pleased with you.
You were not hungry.

You visited 1 branch of the dungeon, and saw 4 of its levels.

You collected 219 gold pieces.

Inventory:

Hand Weapons
 d - a +0 war axe (weapon)
Armour
 b - a +0 animal skin (worn)
Wands
 o - a wand of digging (6)
Scrolls
 g - 4 scrolls of teleportation {unknown}
 h - 6 scrolls of identify {unknown}
 j - 3 scrolls of remove curse {unknown}
 k - 2 scrolls of fear {unknown}
 m - 4 scrolls of immolation {unknown}
 p - a scroll of amnesia {unknown}
 q - a scroll of enchant weapon {unknown}
 r - a scroll of noise {unknown}
Potions
 e - 3 potions of flight {unknown}
 f - a potion of resistance {unknown}
 i - a potion of degeneration {unknown}
 l - a potion of berserk rage {unknown}
 n - 2 potions of curing {unknown}
 s - a potion of haste {unknown}
Comestibles
 a - 3 chunks of flesh
 c - 7 rations


   Skills:
 + Level 5.0 Fighting
 + Level 4.2 Axes
 + Level 4.4 Armour
 + Level 3.3 Dodging


You had 6 spell levels left.
You didn't know any spells.
Your spell library was empty.

Dungeon Overview and Level Annotations

Branches:
Dungeon (4/15)
 Temple: D:4-7

Altars:
Hepliaklqana
Nemelex Xobeh

Shops:
D:4 %


Innate Abilities, Weirdness & Mutations

You are resistant to torment.
Your stone body is resilient. (AC +4)
You are immune to poison.
You resist negative energy. (rN+)
You are resistant to electric shocks. (rElec)
You can survive without breathing.
You are immune to petrification.
You are immune to rotting.


Message History

You are too injured to fight recklessly!
The gnoll hits you with a +0 halberd.
The gnoll hits you with a cursed -1 halberd.
You see here a cursed -3 spear.
You slash the gnoll!
The gnoll is severely wounded.
You completely miss the gnoll. The gnoll barely misses you.
The gnoll hits you but does no damage.
You closely miss the gnoll.
The gnoll is severely wounded.
You closely miss the gnoll. The gnoll barely misses you.
The gnoll closely misses you.
You slash the gnoll!
You kill the gnoll!
Trog accepts your kill.
You slash the gnoll! The gnoll hits you but does no damage.
The gnoll hits you with a +0 halberd!
* * * LOW HITPOINT WARNING * * *
You closely miss the gnoll. You hit the gnoll. The gnoll hits you.
You die...

#.# #.# ######.##
#.......##########
#<###............#
#.##.....#######.#
#.###...## #.# #.#
##.## #.# ..# #.#
#@# ### #.#
#gg....# #+#
#S.....# ###
#......# ≈≈#
##.....# .....#
.#.### #≈.. ...#
≈≈..


You could see 2 gnolls and an adder.

Vanquished Creatures
  Sigmund (D:2)
  An orc wizard (D:3)
  A centaur skeleton (D:2)
  An iguana (D:4)
  5 gnolls
  7 adders
  2 oozes
  4 worms
  2 dart slugs
  2 leopard geckos (D:2)
  6 orcs (D:3)
  2 ball pythons
  8 bats
  7 giant cockroaches
  10 goblins
  9 hobgoblins
  4 jackals (D:3)
  9 kobolds
  A quokka (D:2)
  A frilled lizard (D:2)
  A leopard gecko skeleton (D:4)
  7 rats
91 creatures vanquished.

Notes
Turn   | Place    | Note
-------+----------+-------------------------------------------
     0 | D:1      | Fang the Gargoyle Berserker began the quest for the Orb.
     0 | D:1      | Reached XP level 1. HP: 14/14 MP: 1/1
    49 | D:1      | Reached XP level 2. HP: 12/19 MP: 2/2
   601 | D:1      | Reached XP level 3. HP: 23/23 MP: 3/3
   767 | D:1      | Reached ** piety under Trog
   888 | D:2      | Reached XP level 4. HP: 17/29 MP: 4/4
  1128 | D:2      | Reached skill level 4 in Fighting
  1345 | D:2      | Noticed Sigmund
  1354 | D:2      | Killed Sigmund
  1354 | D:2      | Reached XP level 5. HP: 34/34 MP: 5/5
  1354 | D:2      | Reached XP level 6. HP: 39/39 MP: 6/6
  2007 | D:3      | Reached *** piety under Trog
  2259 | D:3      | Found a sparkling altar of Nemelex Xobeh.
  2465 | D:3      | Found a hazy altar of Hepliaklqana.
  2703 | D:4      | Found Iloxabol's Food Shop.
  2821 | D:4      | Reached skill level 5 in Fighting
  2821 | D:4      | Reached XP level 7. HP: 43/44 MP: 7/7
  2883 | D:4      | Slain by a gnoll

Skill      XL: |  1  2  3  4  5  6 |
---------------+-------------------+-----
Dodging        | 2 3 |  3.3
Axes           | 3 4 |  4.2
Armour         | 3 4 |  4.4
Fighting       | 4 5 |  5.0

Action                   |  1- 3 |  4- 6 |  7- 9 || total
-------------------------+-------+-------+-------++-------
Melee: Hand axe          |    83 |   102 |       ||   185
       War axe           |       |    62 |    10 ||    72
Invok: Berserk           |     1 |     2 |       ||     3
  Eat: Chunk             |       |     9 |     1 ||    10
Armor: Animal skin       |    39 |    66 |     2 ||   107
Dodge: Dodged            |    76 |   110 |    11 ||   197
